 Dungeon Crawl Stone Soup version 0.30.0-10-gfe55d96785 (webtiles) character file.

Game seed: 2199221591453459811

10830 browni3141 the Warrior (level 11, -3/139 HPs)
             Began as an Ogre Cinder Acolyte on May 14, 2023.
             Was an Elder of Ignis.
             Killed from afar by Fannar (51 damage)
             ... with a bolt of cold
             ... on level 10 of the Dungeon.
             The game lasted 00:16:01 (13228 turns).

browni3141 the Warrior (Ogre Cinder Acolyte)       Turns: 13228, Time: 00:16:02

Health: -3/139     AC: 14    Str: 24    XL:     11   Next: 68%
Magic:  1/12       EV:  9    Int: 15    God:    Ignis [****..]
Gold:   499        SH:  0    Dex:  4    Spells: 10/12 levels left

rFire   + . .        c - +0 trident
rCold   . . .        (no shield)
rNeg    . . .        b - +0 robe
rPois   .            (helmet restricted)
rElec   .            G - +2 cloak
rCorr   .            (gloves unavailable)
SInv    .            (boots unavailable)
Will    +....        (no amulet)
Stlth   +            f - +4 ring of protection
HPRegen 0.43/turn    y - +4 ring of protection
MPRegen 0.13/turn

%: no passive effects
@: no status effects
A: large, unfitting armour, tough skin 1
a: Renounce Religion, Fiery Armour, Foxfire Swarm, Rising Flame


You were on level 10 of the Dungeon.
You worshipped Ignis.
Ignis was greatly pleased with you.
You visited 2 branches of the dungeon, and saw 11 of its levels.
You also visited: Ossuary.

You collected 841 gold pieces.
You spent 342 gold pieces at shops.

Inventory:

Hand Weapons
 a - a -1 spear of flaming
 c - a +0 trident (weapon)
Missiles
 w - 5 javelins
 z - 4 large rocks
 D - 4 curare-tipped darts (quivered)
 J - 16 poisoned darts
 T - 2 boomerangs
 W - 3 silver javelins
Armour
 b - a +0 robe (worn)
 G - a +2 cloak (worn)
Magical Staves
 N - a staff of fire
Jewellery
 f - a +4 ring of protection (left hand)
 x - a ring of poison resistance
 y - a +4 ring of protection (right hand)
Wands
 Z - a wand of charming (7)
Scrolls
 l - 9 scrolls of teleportation
 r - a scroll of identify
 E - a scroll of amnesia
 F - 2 scrolls of fog
 I - a scroll of summoning
 K - a scroll of vulnerability
 Q - a scroll of silence {unknown}
 S - a scroll of enchant weapon {unknown}
 V - 4 scrolls of immolation
 X - 3 scrolls of blinking
 Y - 2 scrolls of fear
Potions
 h - a potion of haste
 i - 3 potions of invisibility
 m - a potion of magic
 A - a potion of attraction
 B - a potion of berserk rage
 C - 12 potions of curing
 H - 9 potions of heal wounds
 L - 4 potions of lignification
 M - a potion of might
 O - 2 potions of degeneration
 P - 6 potions of brilliance
 R - 5 potions of mutation {unknown}
 U - a potion of ambrosia {unknown}


   Skills:
 * Level 17.2 Fighting
 + Level 9.4 Polearms
 + Level 8.8 Throwing
 + Level 0.3 Dodging
 - Level 1.2 Spellcasting
 - Level 2.6 Fire Magic


You had 10 spell levels left.
You knew the following spells:

 Your Spells              Type           Power      Damage    Failure   Level
x - Scorch                Fire           16%        2d6       12%         2

Your spell library contained the following spells:

 Spells                   Type           Power      Damage    Failure   Level
 Lesser Beckoning         Tloc           0%         N/A       36%         2
 Sublimation of Blood     Necr           0%         N/A       36%         2
 Gell's Gravitas          Tloc           0%         N/A       58%         3
 Teleport Other           Tloc           0%         N/A       58%         3
 Petrify                  Tmut/Erth      0%         N/A       94%         4
 Summon Ice Beast         Ice/Summ       0%         N/A       94%         4
 Irradiate                Conj/Tmut      0%         3d11      100%        5
 Summon Mana Viper        Hex/Summ       0%         N/A       100%        5
 Dispersal                Tloc           0%         N/A       100%        6
 Monstrous Menagerie      Summ           0%         N/A       100%        7


Dungeon Overview and Level Annotations

Branches:
Dungeon (10/15)            Temple (1/1) D:5            Lair (0/5) D:8
Ossuary (visited)
    Orc: D:9-12

Altars:
Ashenzari
Cheibriados
Dithmenos
Elyvilon
Fedhas
Gozag
Hepliaklqana
Kikubaaqudgha
Makhleb
Nemelex Xobeh
Okawaru
Qazlal
Ru
Sif Muna
Trog
Uskayaw
Vehumet
Xom
Zin
The Shining One

Shops:
D:4 ?[*

Annotations:
D:3 3 runed translucent doors, exclusion: 3 doors, Pimp's ghost, weakling DEHu; Zvl3's ghost, weakling MiFi; fozzywoppz's ghost, amateur DsGl; sasquatch's ghost, amateur GrRe; zlionsfan's ghost, amateur HuEn
D:10 Fannar


Innate Abilities, Weirdness & Mutations

You are too large for most types of armour.
You have tough skin. (AC +1)


Message History

The yaktaur hits you but does no damage.
You barely miss the yaktaur.
The yaktaur is almost dead.
The yaktaur closely misses you.
You barely miss the yaktaur.
The yaktaur is severely wounded.
The yaktaur hits you but does no damage.
Throw: 16 darts (poison)
Press: ? - help, Q - select action, (/) - cycle Shift-Dir - straight line, p - yaktaur
Okay, then.
Throw: 6 darts (curare)
Press: ? - help, Q - select action, (/) - cycle Shift-Dir - straight line, f - Fannar, p - yaktaur
Aim: Fannar, wielding a staff of cold and wearing a +2 robe of cold resistance (51% to hit)
You throw a curare-tipped dart. The curare-tipped dart hits Fannar.
Fannar is poisoned.
Fannar convulses.
Fannar seems to slow down.
Fannar is lightly wounded.
Fannar brushes some snowflakes from their robe.
You puncture the yaktaur!
You kill the yaktaur!
Reach: c) +0 trident
Press: ? - help, Dir - move target, f/p - Fannar
Aim: Fannar, wielding a staff of cold and wearing a +2 robe of cold resistance (lightly wounded, very poisoned, slow, about 50% to evade your +0 trident)
You reach to attack!
You closely miss Fannar.
Fannar is lightly wounded.
Casting: Scorch (safe; 12% risk of failure)
Confirm with . or Enter, or press ? or * to list all spells.
Flames lash Fannar.
Fannar is lightly wounded.
Fannar's fire resistance burns away.
Casting: Scorch (safe; 12% risk of failure)
Confirm with . or Enter, or press ? or * to list all spells.
You miscast Scorch.
You are very lightly contaminated with residual magic.
Nothing appears to happen.
Fannar hits you with a staff of cold. Fannar freezes you!
Casting: Scorch (safe; 12% risk of failure)
Confirm with . or Enter, or press ? or * to list all spells.
Flames lash Fannar.
Fannar is burned terribly!
Fannar is moderately wounded.
Fannar hits you but does no damage. Fannar freezes you!
Casting: Scorch (safe; 12% risk of failure)
Confirm with . or Enter, or press ? or * to list all spells.
Flames lash Fannar.
Fannar is burned terribly!
Fannar is moderately wounded.
Fannar barely misses you.
Casting: Scorch (safe; 12% risk of failure)
Confirm with . or Enter, or press ? or * to list all spells.
Flames lash Fannar.
Fannar is moderately wounded.
Casting: Scorch (safe; 12% risk of failure)
Confirm with . or Enter, or press ? or * to list all spells.
Flames lash Fannar.
Fannar is heavily wounded.
Fannar closely misses you.
You miss Fannar.
Fannar is heavily wounded.
Fannar hits you but does no damage. Fannar freezes you!
You hit Fannar but do no damage.
Fannar is heavily wounded.
You hit Fannar.
Fannar is heavily wounded.
Fannar hits you but does no damage. Fannar freezes you.
* * * LOW HITPOINT WARNING * * *
Your magical contamination has completely faded away.
You barely miss Fannar.
Fannar is heavily wounded.
You hit Fannar but do no damage.
Fannar is heavily wounded.
Fannar looks more healthy.
Fannar barely misses you.
Throw: 5 darts (curare)
Press: ? - help, Q - select action, (/) - cycle Shift-Dir - straight line, f/p - Fannar
Aim: Fannar, wielding a staff of cold and wearing a +2 robe of cold resistance (heavily wounded, slow, more vulnerable to fire, 51% to hit)
Okay, then.
You closely miss Fannar.
Fannar is heavily wounded.
You puncture Fannar!
Fannar is severely wounded.
Fannar hits you but does no damage. Fannar freezes you!
* * * LOW HITPOINT WARNING * * *
You puncture Fannar!
Fannar is severely wounded.
Fannar is no longer moving slowly.
Fannar hits you but does no damage. Fannar freezes you!
* * * LOW HITPOINT WARNING * * *
Throw: 5 darts (curare)
Press: ? - help, Q - select action, (/) - cycle Shift-Dir - straight line, f/p - Fannar
Aim: Fannar, wielding a staff of cold and wearing a +2 robe of cold resistance (severely wounded, more vulnerable to fire, 51% to hit)
You throw a curare-tipped dart. The curare-tipped dart hits Fannar.
Fannar is poisoned.
Fannar convulses.
Fannar seems to slow down.
Fannar is almost dead.
An orc warrior comes into view. It is wielding a +0 war axe.
The orc warrior shouts!
You hit Fannar.
Fannar is almost dead.
You hear a shout! x6
Fannar gestures at you while chanting. The bolt of cold hits you!!!
You die...

..# . #...
#.....# ..##
.##... #.....#
...# .....
#.....# #####
#... #.....#
...>#
#(..#####'#......
....# #.(.....†.#
..... ...<#
#..)<.†(..# ...+
##### #....)....#
..# ...#
#...@e....# .#
..## #..)##.(..#
# ..# #... ##'###
.## o.... .... .#
..##### .(..# ##
. ....# # .... #
...


You could see Fannar (very poisoned, slow, combustible) and an orc warrior.

Vanquished Creatures
  2 two-headed ogres (D:10)
  A tengu warrior (D:10)
  A fire crab (shapeshifter) (D:10)
  Pikel (D:5)
  A manticore (D:10)
  A yaktaur (D:10)
  A hornet (D:9)
  Grinder (D:5)
  Prince Ribbit (D:5)
  2 shadows
  A wyvern (D:8)
  12 yaks (D:8)
  A steam dragon (D:8)
  2 wargs (D:8)
  3 water moccasins
  5 orc warriors
  4 sky beasts
  4 black bears
  3 centaurs
  4 ogres
  A phantom (D:6)
  2 kobold brigands
  A bullfrog (D:6)
  A gnoll sergeant (D:8)
  3 scorpions
  5 wights
  10 killer bees
  2 howler monkeys (D:10)
  An electric eel (D:7)
  2 orc priests
  A gnoll bouda (D:9)
  A jelly (D:7)
  A sleepcap (D:6)
  4 iguanas
  9 orc wizards
  9 mummies
  14 gnolls
  13 adders
  A white imp (D:6)
  2 ufetubi
  A worm (D:3)
  2 dart slugs (D:2)
  36 orcs
  3 bats (D:1)
  4 endoplasms
  6 giant cockroaches
  2 goblins
  6 hobgoblins
  3 jackals (D:3)
  A quokka (D:5)
  6 ball pythons
  7 frilled lizards
  2 hobgoblin zombies (Ossuary)
  14 kobolds
  5 kobold zombies (Ossuary)
  An orc zombie (Ossuary)
  2 rats
235 creatures vanquished.

Notes
Turn   | Place    | Note
-------+----------+-------------------------------------------
     0 | D:1      | browni3141 the Ogre Cinder Acolyte began the quest for the
                  | Orb.
     0 | D:1      | Reached XP level 1. HP: 24/24 MP: 2/2
   113 | D:1      | Reached XP level 2. HP: 30/33 MP: 3/3
   187 | D:1      | Reached skill level 5 in Fighting
   326 | D:1      | Found a faded altar of an unknown god.
   660 | D:1      | Reached XP level 3. HP: 41/42 MP: 4/4
  1146 | D:2      | Reached skill level 6 in Fighting
  1576 | D:3      | Reached XP level 4. HP: 51/53 MP: 5/5
  1651 | D:3      | Found a runed translucent gate.
  1651 | D:3      | Found a runed translucent gate.
  1668 | D:3      | Learned a level 2 spell: Scorch
  1830 | D:3      | Reached skill level 7 in Fighting
  2025 | D:3      | Reached XP level 5. HP: 62/62 MP: 3/6
  2107 | D:3      | Found a runed translucent gate.
  2109 | D:3      | Noticed fozzywoppz's ghost (amateur DsGl)
  2110 | D:3      | Noticed Pimp's ghost (weakling DEHu)
  2110 | D:3      | Noticed Zvl3's ghost (weakling MiFi)
  2110 | D:3      | Noticed zlionsfan's ghost (amateur HuEn)
  2110 | D:3      | Noticed sasquatch's ghost (amateur GrRe)
  2571 | D:4      | Found a sand-covered staircase.
  2607 | Ossuary  | Entered an ossuary
  2672 | Ossuary  | Reached XP level 6. HP: 24/72 MP: 0/7
  2690 | Ossuary  | Reached skill level 8 in Fighting
  3081 | D:4      | Found Abyqy's Antique Armour Shop.
  3238 | D:4      | Reached XP level 7. HP: 66/81 MP: 1/8
  3531 | D:4      | Found Rabint's General Store.
  3536 | D:4      | Bought a scroll of teleportation for 36 gold pieces
  3753 | D:4      | Found Hufei's Magic Scroll Emporium.
  3758 | D:4      | Bought a scroll of identify for 24 gold pieces
  3758 | D:4      | Bought a scroll of blinking for 90 gold pieces
  3758 | D:4      | Bought a scroll of identify for 24 gold pieces
  3758 | D:4      | Bought a scroll of identify for 24 gold pieces
  3758 | D:4      | Bought 2 scrolls of fog for 96 gold pieces
  3758 | D:4      | Bought a scroll of immolation for 48 gold pieces
  3814 | D:5      | Entered Level 5 of the Dungeon
  4006 | D:5      | Reached skill level 9 in Fighting
  4243 | D:5      | Reached skill level 3 in Throwing
  4366 | D:5      | Found a staircase to the Ecumenical Temple.
  4366 | D:5      | Noticed Prince Ribbit
  4387 | D:5      | Killed Prince Ribbit
  4388 | D:5      | Reached skill level 10 in Fighting
  4388 | D:5      | Reached XP level 8. HP: 75/93 MP: 3/9
  4643 | Temple   | Entered the Ecumenical Temple
  4794 | D:5      | Noticed Grinder
  4806 | D:5      | Killed Grinder
  4896 | D:5      | Noticed Pikel
  4943 | D:5      | Killed Pikel
  4944 | D:5      | Reached skill level 11 in Fighting
  5210 | D:5      | Reached XP level 9. HP: 95/106 MP: 10/10
  5300 | D:5      | Reached skill level 6 in Polearms
  5485 | D:5      | Found a glowing silver altar of Zin.
  6090 | D:6      | Reached skill level 12 in Fighting
  6285 | D:6      | Found a bloodstained altar of Trog.
  7241 | D:6      | Found a radiant altar of Vehumet.
  7384 | D:7      | Reached skill level 13 in Fighting
  7412 | D:7      | Reached skill level 6 in Throwing
  7625 | D:7      | Found a burning altar of Makhleb.
  7928 | D:7      | Reached XP level 10. HP: 120/120 MP: 11/11
  8773 | D:8      | Found a staircase to the Lair.
  8782 | D:8      | Reached skill level 14 in Fighting
  9907 | D:8      | Found a snail-covered altar of Cheibriados.
 10059 | D:8      | Reached skill level 15 in Fighting
 10431 | D:8      | Found a sparkling altar of Nemelex Xobeh.
 10642 | D:8      | Found a sacrificial altar of Ru.
 10736 | D:8      | Reached XP level 11. HP: 95/135 MP: 12/12
 10929 | D:8      | Reached skill level 16 in Fighting
 11103 | D:8      | Found a blossoming altar of Fedhas.
 11512 | D:9      | Paralysed by a hornet for 3 turns
 12622 | D:10     | Entered Level 10 of the Dungeon
 12634 | D:10     | Noticed a manticore
 12665 | D:10     | Noticed a tengu warrior
 12666 | D:10     | Killed a manticore
 12667 | D:10     | Reached skill level 9 in Polearms
 12691 | D:10     | Killed a tengu warrior
 13025 | D:10     | Noticed a two-headed ogre
 13031 | D:10     | Killed a two-headed ogre
 13050 | D:10     | Noticed a two-headed ogre
 13063 | D:10     | Killed a two-headed ogre
 13108 | D:10     | Noticed a fire crab
 13117 | D:10     | Killed a fire crab
 13118 | D:10     | Reached skill level 17 in Fighting
 13205 | D:10     | Noticed Fannar
 13228 | D:10     | Killed from afar by Fannar

Illustrated notes

Levels and vault maps discovered:
D:1:      minmay_arrival_four_loops, layout_basic,
          dreamdust_ecumenical_altar_grove
D:2:      minmay_alternating_diamond, layout_rooms
D:3:      layout_loops_cross, nicolae_overflow_hidden_temple,
          gammafunk_ghost_cemetery
D:4:      layout_loops_ring, gup_ossuary_entry_pyramid, serial_shops,
          nicolae_shop_waterfront, kennysheep_little_box,
          nicolae_shop_pleasant_corner_grove, minivault_25
D:5:      layout_layer_cave, zin_scriptorium, minmay_temple_entry_butterflies,
          corexii_shack, uniq_prince_ribbit1, uniq_grinder, uniq_pikel
D:6:      layout_basic, lemuel_doored_altar, trog_three_pillars_becter,
          grunt_ministairs_3, minmay_pentangle
D:7:      layout_layer_cave, bloody_makhleb, kennysheep_decorative_pillar,
          minmay_misc_feat_encased, minmay_crystal_water, lemuel_flame_loot_1
D:8:      layout_basic, mainiacjoe_overflow_six_doors_small,
          amcnicky_altar_gilded, marbit_many_paths, lemuel_tele_altar,
          erik_lair_orcish_takeover, minmay_microvault
D:9:      layout_long_grid
D:10:     minmay_diamond_stairs, layout_gridville, nzn_wu_jian_council_hall,
          david_orc_5, uniq_fannar, uniq_harold
Temple:   hellmonk_temple_forest_ring

Skill      XL: |  1  2  3  4  5  6  7  8  9 10 11 |
---------------+----------------------------------+-----
Fighting       | 5 6 7 8 10 11 13 15 17 | 17.2
Throwing       | 1 2 3 4 6 7 8 |  8.8
Polearms       | 4 5 7 8 9 |  9.4
Dodging        | |  0.3
Spellcasting   | |  1.2
Fire Magic     | |  2.6

Action                     |  1- 3 |  4- 6 |  7- 9 | 10-12 || total
---------------------------+-------+-------+-------+-------++-------
  Melee: Spear             |     6 |       |       |       ||     6
         Trident           |   105 |   159 |   336 |   381 ||   981
         Punch             |       |     1 |     2 |     3 ||     6
  Throw: Dart              |       |       |     8 |    55 ||    63
         Boomerang         |       |       |     8 |       ||     8
         Javelin           |       |       |     4 |    20 ||    24
   Cast: Scorch            |       |    20 |    19 |    30 ||    69
 Invoke: Fiery Armour      |     1 |     1 |       |     1 ||     3
    Use: Scroll            |     3 |     4 |     7 |     6 ||    20
 Armour: Robe              |    45 |    87 |   157 |   202 ||   491
  Dodge: Dodged            |    41 |    77 |   174 |   169 ||   461
